Cogmind - Beta 12 X6 @@@ ROGUE MODE // 2023.01.28 @ 00:15:05 Player: albenzo Result: Destroyed by S-10 Pest with Light Assault Rifle Performance ------------- Evolutions (0) 0 Regions Visited (2) 400 Robots Destroyed (29) 145 Value Destroyed (545) 545 Prototype IDs (0) 0 Alien Tech Used (0) 0 Bonus (0) 0 TOTAL SCORE: 1090 Bonus ------- None Cogmind --------- Core Integrity 0/250 Matter 300/300 Energy 246/250 System Corruption 0% Temperature Warm (105) Movement Rolling (100) Location -10/Mines Parts ------- > --- POWER (1) -------- Ion Engine > --- PROPULSION (2) --- Compact Wheel Compact Wheel > --- UTILITY (2) ------ Large Storage Unit Seismic Detector > --- WEAPON (2) ------- Particle Gun Beam Cannon > --- INVENTORY (15) --- Light Ion Engine Light Nuclear Core Light Treads Compact Wheel Flight Unit Flight Unit Improved Heat Sink Small Storage Unit Large Storage Unit Huge Storage Unit Structural Scanner Signal Interpreter Targeting Computer Beam Cannon Beam Cannon Peak State ------------ > --- POWER ------------ Light Nuclear Core > --- PROPULSION ------- Light Treads Light Treads > --- UTILITY ---------- Large Storage Unit Seismic Detector > --- WEAPON ----------- Small Laser Particle Gun > --- INVENTORY -------- Ion Engine Light Ion Engine Light Ion Engine Aluminum Leg Aluminum Leg Wheel Compact Wheel Small Storage Unit Large Storage Unit EM Pulse Gun Light Assault Rifle Grenade Launcher [Rating: 11] Favorites ----------- Power Ion Engine Engine Ion Engine Power Core Light Nuclear Core Propulsion Light Treads Treads Light Treads Leg Aluminum Leg Wheel Compact Wheel Utility Large Storage Unit Device Seismic Detector Storage Large Storage Unit Weapon Beam Cannon Energy Gun Particle Gun Energy Cannon Beam Cannon Ballistic Gun Light Assault Rifle Launcher Grenade Launcher Build | -11 -10 -10 ------- Run | Jun Mat Min Slots Evolved . | . . . Power . | . . . Propulsion . | . . . Utility . | . . . Weapon . | . . . Parts Attached 34 | 8 17 9 Power 6 | 2 4 . Engine 5 | 2 3 . Core 1 | . 1 . Reactor . | . . . Propulsion 9 | 2 3 4 Treads 3 | . 3 . Leg 2 | 2 . . Wheel 4 | . . 4 Hover . | . . . Flight . | . . . Utility 9 | 2 4 3 Device 7 | 1 3 3 Storage 2 | 1 1 . Processor . | . . . Hackware . | . . . Protection . | . . . Artifact . | . . . Weapon 10 | 2 6 2 Energy Gun 4 | 1 2 1 Energy Cannon 3 | . 3 . Ballistic Gun 1 | 1 . . Ballistic Cannon . | . . . Launcher 2 | . 1 1 Special Weapon . | . . . Impact Weapon . | . . . Slashing Weapon . | . . . Piercing Weapon . | . . . Special Melee Weapon . | . . . Unidentified Prototypes . | . . . Parts Lost 3 | . 1 2 Power . | . . . Propulsion 2 | . 1 1 Utility . | . . . Weapon 1 | . . 1 Highest Loss Streak 1 | . 1 1 To Critical Strikes . | . . . Average Slot Usage (%) 99 | . 99 99 Engine 13 | . 13 14 Treads 21 | . 27 7 Wheel 5 | . . 20 Device 14 | . 14 14 Storage 14 | . 14 14 Energy Gun 11 | . 12 9 Energy Cannon 13 | . 13 14 Ballistic Gun 1 | . 1 . Launcher 1 | . . 4 Naked Turns . | . . . Heaviest Build 32 | 13 32 32 Greatest Support 40 | 20 40 40 Greatest Overweight (x) 2 | 2 . 1 Average Overweight (x) . | . . . Largest Inventory Capacity 15 | 8 15 15 Average Capacity 14 | 7 14 15 Most Carried 15 | 8 15 15 Average Carried 13 | 5 14 14 Final Capacity 15 | 8 15 15 Final Carried 15 | 8 15 15 Class Distribution -------------------- 100% | Mutant Dominant Class ---------------- Mutant | -10/Materials Mutant | -10/Mines Resources | -11 -10 -10 ----------- Run | Jun Mat Min Matter Collected 763 | 288 225 250 Remotely . | . . . Salvage Created 908 | 66 630 212 Parts 55 | 10 38 7 Haulers Intercepted 2 | . 2 . Recyclers Shooed 2 | . 2 . Parts Field Recycled . | . . . Retrieved Matter . | . . . Parts Self-Destructed . | . . . Prevented . | . . . Kills | -11 -10 -10 ------- Run | Jun Mat Min Combat Hostiles Destroyed 24 | . 11 13 Guns 8 | . 6 2 Cannons 7 | . 2 5 AOE 9 | . 3 6 Classes Destroyed 8 | 1 6 1 Builder 1 | . 1 . Tunneler 3 | 3 . . Hauler 2 | . 2 . Recycler 3 | . 2 1 Watcher 3 | . 3 . Swarmer 7 | . 3 4 Grunt 10 | . 8 2 Assembled 7 | . . 7 Best Kill Streak 4 | 3 4 3 Combat Bots Only 3 | . 3 3 Max Kills in Single Turn 2 | 1 2 2 Gunslinging . | . . . Exploded 2 | . 2 2 Melee . | . . . Uniques/NPCs Destroyed . | . . . Combat | -11 -10 -10 -------- Run | Jun Mat Min Damage Taken 1352 | . 888 464 Core 255 | . 147 108 Absorbed by Shields . | . . . Regen/Repaired (Parts) 28 | . 28 . Core Remaining (%) 100 | 100 . . Volleys Fired 96 | 8 54 34 Largest 2 | 2 2 2 Hottest 125 | 60 120 125 Shots Fired 165 | 16 101 48 Gun 92 | 16 62 14 Cannon 51 | . 33 18 Launcher 22 | . 6 16 Special . | . . . Kinetic 18 | 8 10 . Thermal 125 | 8 85 32 Explosive 22 | . 6 16 Electromagnetic . | . . . Robot Hit Streak 11 | 6 11 6 Robot Miss Streak 4 | 3 4 4 Penetration Max . | . . . Secondary Targets 1 | . 1 . Max Gunslinging Chain 1 | . 1 . Shots Hit Robots 97 | 9 63 25 Core Hits 57 | 3 32 22 Critical Kills . | . . . Critical Parts Destroyed . | . . . Critical Strikes 3 | . 2 1 Burn 3 | . 2 1 Melee Attacks . | . . . Impact . | . . . Slashing . | . . . Piercing . | . . . Sneak Attacks . | . . . Combat Hostiles . | . . . Follow-up Attacks . | . . . Damage Inflicted 1883 | 83 967 833 Guns 739 | 83 550 106 Cannons 559 | . 315 244 Explosions 585 | . 102 483 Melee . | . . . Ramming . | . . . Kinetic 93 | 39 54 . Thermal 1205 | 44 811 350 Explosive 585 | . 102 483 Electromagnetic . | . . . Impact . | . . . Slashing . | . . . Piercing . | . . . Highest Corruption . | . . . Average Corruption . | . . . Corruption Purged . | . . . Corruption Blocked . | . . . Overload Shots . | . . . Overflow Damage 54 | . 6 48 Projectiles 6 | . 6 . Explosions 48 | . . 48 Melee . | . . . Knockbacks . | . . . Impact . | . . . Kinetic . | . . . Secondary . | . . . Self-Inflicted Damage 165 | . . 165 Shots 7 | . . 7 Rammed . | . . . Targets Rammed . | . . . Kicked . | . . . Crushed . | . . . Highest Temperature 328 | 40 328 252 Average Temperature 101 | 14 112 90 Received Heat Transfer 540 | . 426 114 Siege Activations . | . . . Robots Corrupted . | . . . Combat Hostiles . | . . . Parts Fried . | . . . Impact Corruptions . | . . . Robots Melted . | . . . Combat Hostiles . | . . . Parts Melted 4 | . 2 2 Heat Transferred 2932 | 100 1981 851 Parts Sabotaged . | . . . Parts Stolen . | . . . Parts Stripped . | . . . Power Chain Reactions . | . . . Missiles Intercepted . | . . . Alert | -11 -10 -10 ------- Run | Jun Mat Min Peak Influence 259 | 15 145 259 Initial 40 | . 9 40 Average 92 | 4 81 145 Maximum Alert Level 1 | . . 1 Low Security (%) 98 | 100 100 95 Level 1 1 | . . 4 Level 2 . | . . . Level 3 . | . . . Level 4 . | . . . Level 5 . | . . . High Security . | . . . Max Security . | . . . Squads Dispatched 2 | . 2 . Investigation 1 | . 1 . Extermination . | . . . Reinforcement 1 | . 1 . Assault . | . . . Garrison . | . . . Intercept . | . . . Searches Triggered . | . . . Construction Impeded . | . . . Haulers Reinforced . | . . . Active Scanning Responses . | . . . Cargo Convoy Interrupts . | . . . Stealth | -11 -10 -10 --------- Run | Jun Mat Min Distress Signals 2 | . 2 . Communications Jammed . | . . . Distress Signals . | . . . Times Spotted 43 | . 25 18 Peak Tracking Total 4 | . 4 3 Tactical Retreats 3 | . 1 2 Traps | -11 -10 -10 ------- Run | Jun Mat Min Traps Triggered 1 | . 1 . Indirectly . | . . . Trap Hack Attempts . | . . . Triggered . | . . . Disarmed . | . . . Reprogrammed . | . . . Reused . | . . . Traps Extracted . | . . . Installed . | . . . Triggered . | . . . Machines | -11 -10 -10 ---------- Run | Jun Mat Min Machines Disabled . | . . . Max in Single Turn . | . . . Machines Repaired . | . . . Machines Sabotaged . | . . . Overloaded Fab Kills . | . . . Hacking | -11 -10 -10 --------- Run | Jun Mat Min Machines Accessed 6 | . 6 . Terminals 4 | . 4 . Fabricators . | . . . Repair Stations 1 | . 1 . Recycling Units 1 | . 1 . Scanalyzers . | . . . Garrison Access . | . . . Total Hacks 13 | . 13 . Successful 8 | . 8 . Failed 5 | . 5 . Catastrophic . | . . . Database Lockouts . | . . . Manual 9 | . 9 . Terminals 9 | . 9 . Fabricators . | . . . Repair Stations 2 | . 2 . Recycling Units 2 | . 2 . Scanalyzers . | . . . Garrison Access . | . . . Terminal Hacks 4 | . 4 . Branch Access Points 1 | . 1 . Terminal Index 1 | . 1 . Hauler Manifests 1 | . 1 . Registered Prototypes 1 | . 1 . Fabricator Hacks . | . . . Repair Station Hacks 2 | . 2 . Scan Component 1 | . 1 . Repair 1 | . 1 . Recycling Unit Hacks . | . . . Scanalyzer . | . . . Garrison Access Hacks . | . . . Unauthorized Hacks 2 | . 2 . Terminals . | . . . Fabricators . | . . . Repair Stations . | . . . Recycling Units 2 | . 2 . Reject 1 | . 1 . Mask 1 | . 1 . Scanalyzers . | . . . Garrison Access . | . . . Data Cores Recovered . | . . . Used . | . . . Hacking Detections 5 | . 5 . Full Trace Events . | . . . Feedback Events . | . . . Feedback Blocked . | . . . Robot Schematics Acquired . | . . . Robots Built . | . . . Authchips . | . . . Time . | . . . Total Robot Build Rating . | . . . Part Schematics Acquired . | . . . Parts Built . | . . . Authchips . | . . . Time . | . . . Total Part Build Rating . | . . . Parts Repaired 1 | . 1 . Time 26 | . 26 . Parts Recycled . | . . . Recycled Matter . | . . . Retrieved Matter . | . . . Retrieved Components . | . . . Parts Scanalyzed . | . . . Part Schematics Acquired . | . . . Parts Damaged . | . . . Bothacking | -11 -10 -10 ------------ Run | Jun Mat Min Used RIF Installer . | . . . Robots Hacked . | . . . Non-combat . | . . . Combat . | . . . Robot Hacks Applied . | . . . Relay Couplers Released . | . . . Fabnet Peak Effective % . | . . . Robots Rewired . | . . . Allies Hacked . | . . . Hacks Repelled . | . . . Allies | -11 -10 -10 -------- Run | Jun Mat Min Total Allies . | . . . Largest Group . | . . . Highest-Rated Group . | . . . Highest-Rated Ally . | . . . Total Orders . | . . . Ally Attacks . | . . . Total Damage . | . . . Kills . | . . . Allies Corrupted . | . . . Allies Melted . | . . . Intel | -11 -10 -10 ------- Run | Jun Mat Min Robot Analysis Total . | . . . Derelict Logs Recovered 1 | . . 1 Drone Launches . | . . . Drone Recoveries . | . . . Exploration | -11 -10 -10 ------------- Run | Jun Mat Min Turns Passed 2072 | 131 1427 514 Spaces Moved 1122 | 73 672 377 Core 13 | 13 . . Treads 663 | . 651 12 Legs 81 | 60 21 . Wheels 365 | . . 365 Hover . | . . . Flight . | . . . Fastest Speed 50 | 50 120 100 Average Speed 138 | 124 158 106 Slowest Speed 190 | 190 160 160 Overloaded Moves . | . . . Propulsion Burnouts . | . . . Robots Hopped . | . . . Cave-ins Triggered . | . . . Exploration Rate (%) 52 | 6 92 60 Regions Visited 2 Branch Regions 1 Pre-discovered Areas 2 | . . 2 Known Exits Taken 1 | . 1 . Unknown Exits Taken 1 | 1 . . Scrap Searched 1 | . . 1 Spaces Dug 20 | . . 20 Terrain Destroyed 138 | . 31 107 Melee . | . . . Projectile . | . . . AOE 138 | . 31 107 Terrain Rammed . | . . . Walls Destroyed . | . . . Machines Disabled . | . . . Actions | -11 -10 -10 --------- Run | Jun Mat Min Total 1474 | 95 937 442 Wait 176 | . 159 17 Move 1120 | 72 671 377 Hop . | . . . Pick Up 25 | 7 17 1 Fast Attach 13 | 7 5 1 Attach 3 | . 1 2 Detach 3 | . 2 1 Swap 18 | 1 11 6 Drop 20 | . 17 3 Fire 96 | 8 54 34 Melee . | . . . Ram . | . . . Kick . | . . . Crush . | . . . Escape Stasis . | . . . Rewire . | . . . Trap . | . . . Miscellaneous . | . . . Route ------- -11/Junkyard -10/Materials (discovered 3 exits: [*Mat x2] / *Min) -10/Mines (discovered 1 exit: [*Mat]) History --------- Turn | Location | Event 11 | -11/Junkyard | Discovered new exit (range 15) 132 | -11/Junkyard | Entered Materials 305 | -10/Materials | Build established: Mutant 989 | -10/Materials | Discovered new exit (range 4) 1074 | -10/Materials | Core integrity fell below 50% 1109 | -10/Materials | Discovered new exit (range 12) 1238 | -10/Materials | Repaired Grenade Launcher 1363 | -10/Materials | Identified exit to Mines 1559 | -10/Materials | Entered Mines 1560 | -10/Mines | Assembled infested the area 1634 | -10/Mines | Core integrity fell below 20% 1644 | -10/Mines | Learned location of Storage (-9) 1741 | -10/Mines | Learned location of Zion (-7) 1933 | -10/Mines | Discovered new exit (range 10) 2073 | -10/Mines | Destroyed by S-10 Pest with Light Assault Rifle Last Messages --------------- 01793_ K-01 Serf collects debris. 01793_ U-05 Engineer lays Concrete. 01794_ U-05 Engineer builds a Wall. 01795_ Dropped Com. Wheel. 01797_ K-01 Serf collects debris. 01797_ U-05 Engineer builds a Wall. 01800_ Acquired 26 matter. 01801_ Acquired 12 matter. 01808_ R-06 Scavenger collects Wheel. 01848_ Searching scrap... 01848_ Found Aluminum Leg. 01848_ Found Med. Storage Unit. 01848_ Found 40 Matter. 01933_ EXIT=FOUND 01937_ S-10 Pest destroyed. 01943_ S-10 Pest suffers critical hit (Burn). 01943_ Flight Unit melted. 01943_ S-10 Pest destroyed. 01957_ K-01 Serf collects debris. 02053_ S-10 Pest destroyed. Map ----- +----------------------------------------------------+ | | | | | | | ?????????????????????????????????????????????????? | | ?????????????????????????????????????????????????? | | ?????????????????????????????????????????????????? | | ?????????????????????????????????????????????????? | | ?????????????????????????????????????????????????? | | ?????????????????????????????????????????????????? | | ?????????????????????????????????????????????????? | | ?????????????????????????????????????????????????? | | ?????????????????????????????????????????????????? | | ?????????????????????????????????????????????????? | | ?????????????????????????????????????????????????? | | ?????????????????????????????????????????????????? | | ?????????????????????????????????????????????????? | | ?????????????????????????????????????????????????? | | ???????????????????#?????????????????????????????? | | ???????????????????# ????###?????????????????????? | | ??????????????????## #####T####??????????????????? | | ?????????#######??? #??????????????????? | | ########## ##?# #??????????????????? | | """ #?# """ """ #####??????????????? | | """ #?# """ """ ???????????????? | | ###### """ ##?# """ """ #??????????????????? | | ??### #??# @ #??????????????????? | | ??# ### ##??# s #??????????????????? | | ??# ##?####???#########s###??????????????????? | | ??# ##?????????????????# #????????????????????? | | ??#### #??????????????????#%####?????????????????? | | ?????# #??????????????????# #?????????????????? | | ?????# #????????????????###### ######????????????? | | ?????# #???????????????## ##?# ## * ###??????????? | | ?????# #??????????????## ### ###### #??????????? | | ?????# #???????????#### % % !# ##### #????? | | ?????# #??????????## ######## # # #????? | | ?????# #??????????# #???# % # #####????? | | ?????# ############ ##??## ! #????????? | | ?????# ###?### != ######???? | | ###??###### ######### ###### !%= #???? | | ######### #???????####?# % = ! ##### # #?? | | ! #????#####???# ## ## ###?????????? | | ########??### ##??#??## # #???????????? | | ####?????????# % ???????##### #???????????? | | # #????????????# ???????????# ! #???????????? | | # #????????????# #??? #?????## ##????????? ? | | # #?#######????# #?# ??????#*#??????? | | #!#?# ##???? #??? ##???## ###### | | =%### ## ###??# ????# ##??# | | ### #### ##???# #### | +----------------------------------------------------+ Best States ------------- Heat Dissipation 39 Coolant Potential 50 Energy Generation 14 Energy Capacity 250 Matter Stores 300 Matter Capacity 300 Sight Range 16 Terrain Scan Density 10 Evasion (%) 55 Recoil Reduction 2 Item Schematics ----------------- None Robot Schematics ------------------ None Fabricated ------------ Nothing Alien Tech Used ----------------- None Achievements -------------- None Challenges ------------ None Game ------ Seed ShadeAuthchipAxe Manual? 0 Play Time 00:24:49 Cumulative 95.9 hours Start 2023.01.27 @ 23:26:36 End 2023.01.28 @ 00:15:05 Sessions 1 Manual Loads 0 Difficulty Rogue Special Mode None Game No. 84 Rogue 84 Adventurer 0 Explorer 0 Win Type - Total 5 Types 4/0/1/0/0/0/0/0/0 Lore% 64 Gallery% 63 Achievement% 55 Wizard Run 0 Options --------- ASCII 0 Keyboard 1 Movement Vi Keybinds 0 Fullscreen 2 Font 24/Proggy Map View 76x50 Tactical HUD 1 Map Filters NONE Filters NONE Steam 1 RUN: b342452a-f00c-4c36-a84a-bf867b0a7c68